 Dungeon Crawl Stone Soup version 0.19-a0-1401-g902f63d (webtiles) character file.

94 aronpayne the Shield-Bearer (level 4, 0/37 HPs)
             Began as a Formicid Fighter on Sept 4, 2016.
             Slain by a hobgoblin
             ... wielding a +0 club
             ... led by Robin
              (5 damage)
             ... on level 3 of the Dungeon.
             The game lasted 00:06:13 (1914 turns).

aronpayne the Shield-Bearer (Formicid Fighter)      Turns: 1914, Time: 00:06:15

Health: 0/37       AC:  7    Str: 27    XL:     4   Next: 94%
Magic:  4/4        EV:  8    Int:  7    God:
Gold:   195        SH: 10    Dex: 10    Spells: 0 memorised, 3 levels left

rFire  . . .     SeeInvis +     a - +0 quarterstaff
rCold  . . .     Gourm    .     b - +0 scale mail
rNeg   + . .     Faith    .     c - +0 shield
rPois  .         Spirit   .     (helmet unavailable)
rElec  .         Dismiss  .     (no cloak)
rCorr  .         Reflect  .     (no gloves)
MR     .....     Harm     .     (no boots)
Stlth  ..........               (no amulet)
                                (no ring)
                                k - ring of positive energy

@: mighty
A: permanent stasis, dig shafts and tunnels, four strong arms, antennae 3
a: Dig, Shaft Self


You were on level 3 of the Dungeon.
You were not hungry.

You visited 1 branch of the dungeon, and saw 3 of its levels.

You collected 195 gold pieces.

Inventory:

Hand Weapons
 a - a +0 quarterstaff (weapon)
Armour
 b - a +0 scale mail (worn)
 c - a +0 shield (worn)
Jewellery
 k - a ring of positive energy (left hand)
Scrolls
 e - a scroll of identify {unknown}
 g - 2 scrolls of remove curse {unknown}
 m - 2 scrolls of fog {unknown}
 n - a scroll of teleportation {unknown}
 t - 2 scrolls of random uselessness {unknown}
 u - a scroll of magic mapping {unknown}
Potions
 h - a potion of cancellation {unknown}
 l - 2 potions of resistance {unknown}
 o - 2 potions of mutation {unknown}
 r - a potion of cure mutation {unknown}
 s - a potion of lignification {unknown}
Books
 q - a book of Changes

   Spells                             Type                      Level
   a - Beastly Appendage              Transmutation                1
   b - Sticks to Snakes               Transmutation                2
   c - Spider Form                    Transmutation/Poison         3
   d - Ice Form                       Ice/Transmutation            4
   e - Blade Hands                    Transmutation                5
Comestibles
 f - 2 bread rations
 i - 3 meat rations


   Skills:
 + Level 3.7 Fighting
 + Level 2.8 Staves
 + Level 4.1 Armour
 + Level 0.8 Dodging
 + Level 4.3 Shields


You had 3 spell levels left.
You didn't know any spells.

Dungeon Overview and Level Annotations

Branches:
Dungeon (3/15)

Altars:
Cheibriados
Fedhas
Zin

Annotations:
D:3 Robin


Innate Abilities, Weirdness & Mutations

You are under a permanent stasis effect.
You can dig through walls and to a lower floor.
Your four strong arms can wield two-handed weapons with a shield.
You have a pair of large antennae on your head. (SInv)


Message History

The goblin no longer looks unusually strong.
The hobgoblin hits you with a club!
* * * LOW HITPOINT WARNING * * *
You block the goblin's attack.
Robin roars a battlecry!
The goblin goes into a battle-frenzy!
You hit the goblin but do no damage. The hobgoblin closely misses you.
You block the goblin's attack. You block Robin's attack.
The hobgoblin hits you with a club.
* * * LOW HITPOINT WARNING * * *
You feel very mighty all of a sudden.
The hobgoblin no longer looks unusually strong.
The goblin hits you but does no damage.
You bludgeon the goblin!!
You kill the goblin!
The hobgoblin hits you with a club.
* * * LOW HITPOINT WARNING * * *
Robin throws the goblin at you! The goblin hits you but does no damage.
The hobgoblin hits you with a club.
You die...

##### ## ##### #...
.# #...####g#### .#
#....g@gg...##.##
#...####.##.....#
##.## #.....)..g.g..
#.#####.#####.#####g
#.<..##.. .#
####.#### ## #


You could see Robin, a hobgoblin and 2 goblins.

Vanquished Creatures
  An adder (D:2)
  2 oozes
  2 worms (D:2)
  A dart slug (D:2)
  4 giant geckos
  2 giant cockroaches (D:2)
  14 goblins
  9 hobgoblins
  3 jackals (D:2)
  7 kobolds
  3 quokkas (D:2)
  A ball python (D:2)
  4 bats
  4 giant newts
  2 rats (D:1)
  A bush (D:2)
  A fungus (D:2)
  A plant (D:2)
62 creatures vanquished.

Vanquished Creatures (others)
  2 fungi (D:2)
2 creatures vanquished.

Grand Total: 64 creatures vanquished

Notes
Turn   | Place    | Note
-------+----------+-------------------------------------------
     0 | D:1      | aronpayne the Formicid Fighter began the quest for the Orb.
     0 | D:1      | Reached XP level 1. HP: 18/18 MP: 1/1
    63 | D:1      | Found a snail-covered altar of Cheibriados.
   309 | D:1      | Reached XP level 2. HP: 24/24 MP: 2/2
   523 | D:1      | Reached XP level 3. HP: 29/29 MP: 3/3
   880 | D:2      | Reached XP level 4. HP: 24/35 MP: 4/4
  1788 | D:2      | Found a blossoming altar of Fedhas.
  1788 | D:2      | Found a glowing silver altar of Zin.
  1882 | D:3      | Noticed Robin
  1914 | D:3      | Slain by a hobgoblin

Vault maps used:
D:1:      noname_arrival_rooms_in_the_neighbourhood, serial_bayou_ford_a,
          minmay_misc_feat_pillars, minmay_door_square, cheibriados_altar_1
D:2:      gammafunk_temple_overflow_elements, minivault_14,
          minmay_gold_behind_fungi, lexackson_kobold_supper
D:3:      first_bread, uniq_robin

Skill      XL: |  1  2  3  4 |
---------------+-------------+-----
Shields        | 4 |  4.3
Armour         | 4 |  4.1
Fighting       | |  3.7
Staves         | |  2.8
Dodging        | |  0.8

Action                   |  1- 3 |  4- 6 || total
-------------------------+-------+-------++-------
Melee: Quarterstaff      |    96 |   199 ||   295
 Abil: Dig               |       |     1 ||     1
  Use: Potion            |       |     1 ||     1
  Eat: Chunk             |       |     3 ||     3
       Pizza             |       |     1 ||     1
Armor: Scale mail        |    36 |    46 ||    82
Dodge: Dodged            |    24 |    28 ||    52
Block: Shield            |    48 |    57 ||   105
